 Seeded DCSS version 0.31-a0-1529-g7bd419a0e5 (webtiles) character file.

Game seed: 8818643655458745775 (custom seed)

98 voltaire321 the Digger (level 4, -2/25 HPs)
             Began as a Gargoyle Earth Elementalist on Dec 31, 2023.
             Slain by an orc wizard
             ... wielding a +1 dagger of freezing
              (5 damage)
             ... on level 3 of the Dungeon.
             The game lasted 00:05:22 (2224 turns).

voltaire321 the Digger (GrEE)                       Turns: 2224, Time: 00:05:23

Health: -2/25      AC:  6    Str: 14    XL:     4   Next: 71%
Magic:  14/16      EV:  9    Int: 15    God:
Gold:   118        SH:  7    Dex: 10    Spells: 4/8 levels left

rFire   + . .        n - +1 dagger (elec)
rCold   . . .        a - +0 kite shield
rNeg    + . .        p - +0 leather armour {rF+}
rPois   ∞            (no helmet)
rElec   +            (no cloak)
rCorr   .            (no gloves)
SInv    .            (no boots)
Will    +....        (no amulet)
Stlth   ++           h - ring of magical power
HPRegen 0.24/turn    m - ring of willpower
MPRegen 0.15/turn

%: no passive effects
@: very slightly contaminated
A: sickness immunity, AC +3, negative energy resistance 1, electricity
resistance, torment resistance 1, petrification resistance
a: no special abilities


You were on level 3 of the Dungeon.
You visited 1 branch of the dungeon, and saw 3 of its levels.

You collected 118 gold pieces.

Inventory:

Hand Weapons
 i - a +0 short sword
 n - a +1 dagger of electrocution (weapon)
Armour
 a - a +0 kite shield (worn)
 p - a +0 leather armour of fire resistance (worn)
Jewellery
 h - a ring of magical power (left hand)
 m - a ring of willpower (right hand)
Wands
 r - a wand of charming (10)
Scrolls
 c - 4 scrolls of immolation {unknown}
 e - a scroll of revelation {unknown}
 g - 4 scrolls of identify {unknown}
 j - a scroll of acquirement {unknown}
 l - a scroll of enchant weapon {unknown}
 o - a scroll of fear {unknown}
 q - 2 scrolls of blinking {unknown}
Potions
 b - a potion of magic
 d - 2 potions of attraction {unknown}
 f - a potion of curing {unknown}
 k - a potion of ambrosia {unknown}


   Skills:
 + Level 1.5 Fighting
 + Level 1.5 Armour
 + Level 2.1 Dodging
 - Level 2.1 Stealth
 + Level 0.6 Shields
 + Level 2.5 Spellcasting
 + Level 0.8 Conjurations
 + Level 4.2 Earth Magic
 - Level 1.0 Alchemy


You had 4 spell levels left.
You knew the following spells:

 Your Spells              Type           Power      Damage    Failure   Level
a - Sandblast             Erth           28%        2d8       17%         1
b - Passwall              Erth           14%        N/A       45%         3

Your spell library contained the following spells:

 Spells                   Type           Power      Damage    Failure   Level
 Stone Arrow              Conj/Erth      18%        3d8       71%         3
 Brom's Barrelling Bould  Conj/Erth      9%         2d3       98%         4
 Petrify                  Alch/Erth      9%         N/A       98%         4


Dungeon Overview and Level Annotations

Branches:
Dungeon (3/15)

Altars:
Makhleb


Innate Abilities, Weirdness & Mutations

You are immune to sickness and miasma.
Your stone body is resilient. (AC +3)
You are immune to poison.
You resist negative energy. (rN+)
You are resistant to electric shocks. (rElec)
You are resistant to unholy torment.
You are immune to petrification.


Message History

You hit the orc but do no damage.
The orc is moderately wounded.
The orc hits you but does no damage.
The orc wizard gestures wildly while chanting.
The orc wizard flickers and vanishes!
Deactivating autopickup; reactivate with Ctrl-A.
You hit the orc but do no damage.
The orc is moderately wounded.
The orc hits you with a +0 whip.
You hit the orc but do no damage.
The orc is moderately wounded.
The orc barely misses you.
You hit the orc.
The orc is heavily wounded.
The orc hits you with a +0 whip. The orc hits you but does no damage.
You barely miss the orc.
The orc is heavily wounded.
The orc closely misses you.
You hit the orc but do no damage. Lightning courses through the orc!
You kill the orc!
You barely miss something. Something hits you. Something freezes you.
You barely miss something. Something hits you but does no damage.
Aiming: Sandblast (safe; 17% risk of failure)
Press: ? - help, Q - select action, (/) - cycle Shift-Dir - straight line, f - orc
Aim: an orc, wielding a +0 dagger (82% to hit)
The blast of sand hits something.
You hear some strange, mumbled words.
A puff of flame appears from out of thin air!
You block the puff of flame. Something hits you.
* * * LOW HITPOINT WARNING * * *
Something freezes you.
* * * LOW HITPOINT WARNING * * *
Aiming: Sandblast (safe; 17% risk of failure)
Press: ? - help, Q - select action, (/) - cycle Shift-Dir - straight line, f/p - orc
Aim: an orc, wielding a +0 dagger (82% to hit)
You miscast Sandblast.
You are very lightly contaminated with residual magic.
Nothing appears to happen.
Something hits you.
You die...

#.###.#.....'.#'###...#
#.....#.....#.#.# #.###
#####.##........###.#############
#....................).......
########....#.####..############.
..............####..# #.
#.#######...........############.
#.#######......###o..........[...
.........[......@{o....#########.
#.#######......###o..............
#.# #......# #.........o..##.
#.#######..##..###..##......o.##.
#........................###.....
#########..######...###### .#..#
#<.........# #...# ##..
#########..# #...# ##.
#..######...### ##


You could see 3 orcs.

Vanquished Creatures
  3 gnolls (D:3)
  3 adders
  3 orcs (D:3)
  4 endoplasms
  4 giant cockroaches
  3 goblins
  3 hobgoblins
  A quokka (D:1)
  3 ball pythons
  4 bats
  A frilled lizard (D:3)
  5 kobolds
  4 rats (D:2)
41 creatures vanquished.

Notes
Turn   | Place    | Note
-------+----------+-------------------------------------------
     0 | D:1      | voltaire321 the Gargoyle Earth Elementalist began the quest
                  | for the Orb.
     0 | D:1      | Reached XP level 1. HP: 10/10 MP: 3/3
   153 | D:1      | Reached XP level 2. HP: 16/16 MP: 3/5
  1014 | D:2      | Reached skill level 1 in Alchemy
  1085 | D:2      | Reached skill level 1 in Armour
  1116 | D:2      | Reached skill level 1 in Fighting
  1116 | D:2      | Reached XP level 3. HP: 20/20 MP: 6/6
  1247 | D:2      | Found a burning altar of Makhleb.
  1557 | D:3      | Reached skill level 4 in Earth Magic
  1567 | D:3      | Learned a level 3 spell: Passwall
  1642 | D:3      | Reached XP level 4. HP: 3/25 MP: 7/7
  2224 | D:3      | Slain by an orc wizard

Illustrated notes

Levels and vault maps discovered:
D:1:      lightli_arrival_lavapool, layout_basic, dreamdust_princess_bridge
D:2:      layout_basic, basic_altar, minivault_23
D:3:      layout_basic

Skill      XL: |  1  2  3 |
---------------+----------+-----
Alchemy        | 1 |  1.0
Armour         | 1 |  1.5
Fighting       | 1 |  1.5
Earth Magic    | 4 |  4.2
Dodging        | 2 |  2.1
Stealth        | |  2.1
Shields        | |  0.6
Spellcasting   | |  2.5
Conjurations   | |  0.8

Action                     |  1- 3 |  4- 6 || total
---------------------------+-------+-------++-------
  Melee: Short sword       |     3 |       ||     3
         Dagger            |    17 |    14 ||    31
   Cast: Sandblast         |    38 |    22 ||    60
 Armour: Robe              |     5 |       ||     5
         Leather armour    |    19 |    18 ||    37
  Dodge: Dodged            |    15 |     3 ||    18
  Block: Kite shield       |     1 |     5 ||     6

Table legend: (Time is in decaauts)
 A = Elapsed time spent in this place.
 B = Non-inter-level travel time spent in this place.
 C = Inter-level travel time spent in this place.
 D = Time resting spent in this place.
 E = Time spent auto-exploring this place.
 F = Levels seen in this place.
 G = Mean time per level.
                   A        B        C        D        E       F      G
               +--------+--------+--------+--------+--------+-----+--------+
         Total |   2258 |   2125 |    133 |    192 |   1457 |   3 |  752.7 |
       Dungeon |   2258 |   2125 |    133 |    192 |   1457 |   3 |  752.7 |
               +--------+--------+--------+--------+--------+-----+--------+

Top non-repeatable levels by time:
     D:1: 929 daAuts
     D:3: 736 daAuts
     D:2: 591 daAuts
